 Dungeon Crawl Stone Soup version 0.17-a0-1446-gc28613e (webtiles) character file.

304 urechis the Poker (level 6, -3/41 HPs)
             Began as a Merfolk Ice Elementalist on June 28, 2015.
             Slain by an elf zombie (6 damage)
             ... in an ossuary.
             The game lasted 00:16:04 (4434 turns).

urechis the Poker (Merfolk Ice Elementalist)        Turns: 4434, Time: 00:16:04

Health: -3/41      AC:  4    Str:  8    XL:     6   Next: 38%
Magic:  9/9        EV: 12    Int: 14    God:
Gold:   225        SH:  0    Dex: 17    Spells: 2 memorised, 6 levels left

rFire  . . .     SeeInvis .     a - +1 spear
rCold  . . .     Clarity  .     d - +0 leather armour
rNeg   . . .     SustAt   .     (no shield)
rPois  .         Gourm    .     (no helmet)
rElec  .         Spirit   .     (no cloak)
rCorr  .         Warding  .     g - +0 pair of gloves
rMut   .         Stasis   .     (no boots)
MR     .....                    (no amulet)
Stlth  +.........               (no ring)
                                m - ring of loudness (curse)

@: about to teleport, not resistant to hostile enchantments, very unstealthy
A: change form in water, swift swim
a: no special abilities


You were in an ossuary.
You were near starving.

You visited 1 branch of the dungeon, and saw 4 of its levels.
You also visited: Ossuary.

You collected 225 gold pieces.

Inventory:

Hand weapons
 a - a +1 spear (weapon)
 b - a +0 dagger of venom
Armour
 d - a +0 leather armour (worn)
 f - a cursed +0 robe
 g - a +0 pair of gloves (worn)
Jewellery
 m - a cursed ring of loudness (left hand)
Scrolls
 e - a scroll of teleportation
 h - a scroll of enchant weapon
 n - 2 scrolls of identify {unknown}
 o - a scroll of magic mapping {unknown}
 r - a scroll of recharging {unknown}
Potions
 l - a potion of might {unknown}
 p - a potion of cancellation {unknown}
 q - a potion of invisibility {unknown}
 t - a potion of degeneration {unknown}
Books
 i - a book of Frost

   Spells                             Type                      Level
   a - Freeze                         Ice                          1
   b - Throw Frost                    Conjuration/Ice              2
   c - Ozocubu's Armour               Charms/Ice                   3
   d - Throw Icicle                   Conjuration/Ice              4
   e - Summon Ice Beast               Ice/Summoning                4
   f - Condensation Shield            Ice                          4
Comestibles
 c - 2 bread rations
 s - 2 meat rations


   Skills:
 + Level 6.5 Polearms
 - Level 2.6 Dodging
 - Level 2.1 Stealth
 - Level 2.0 Spellcasting
 - Level 0.7 Conjurations
 - Level 5.5 Ice Magic


You had 6 spell levels left.
You knew the following spells:

 Your Spells              Type           Power        Failure   Level  Hunger
a - Freeze                Ice            ###.         3%          1    ##.....
b - Throw Frost           Conj/Ice       ##....       17%         2    ###....


Dungeon Overview and Level Annotations

Branches:
Dungeon (4/15)
 Temple: D:4-7

Altars:
Cheibriados
Yredelemnul

Annotations:
D:3 mrath's ghost, average MfGl


Message History

As you read the scroll labeled XUDEGO TOUHO, it crumbles to dust.
It is a scroll of enchant weapon.
Enchant which weapon? (? for menu, Esc to quit)
Your +0 spear glows red for a moment.
You are near starving!
The elf zombie barely misses you. The jackal zombie barely misses you.
The elf zombie closely misses you. The human zombie hits you.
* * * LOW HITPOINT WARNING * * *
Read which item? (? for menu, Esc to quit)
As you read the scroll labeled JAIMNI GUMMENN, it crumbles to dust.
You feel strangely unstable.
It was a scroll of teleportation.
The jackal zombie misses you.
The elf zombie hits you but does no damage.
A mummy and a zombie come into view.
You hit the elf zombie but do no damage.
The jackal zombie bites you but does no damage.
The elf zombie barely misses you. The human zombie hits you.
* * * LOW HITPOINT WARNING * * *
The elf zombie hits you.
You die... ..# #...# ..# #...# ..# #...# ..# #.∩.....#...# ..# #...... #...# ..# #..... #...# ..# ##.... #...# ..# .... #.Z.# ..# #Z.# #@ZZ# ..# #..# #ZZZ#

..# #..# #M.Z#
..######Z.######ZZ.#
.........Z.Z.Z..Z..#
.......8..8....M...#
...................#
...................#
####################


You could see 2 mummies, 3 adder zombies, a jackal zombie, 2 hobgoblin zombies,
2 elf zombies and 2 human zombies.

Vanquished Creatures
  A centaur (D:3)
  A hound (D:4)
  6 adders
  3 gnolls
  An ooze (D:3)
  2 worms (D:3)
  3 giant geckos
  An orc (D:4)
  4 giant cockroaches
  8 goblins
  12 hobgoblins
  4 ball pythons
  5 bats
  4 giant newts
  6 hobgoblin zombies (Ossuary)
  2 jackal zombies (Ossuary)
  14 kobolds
  8 kobold zombies (Ossuary)
  7 orc zombies (Ossuary)
  A quokka (D:4)
  11 rats
  A rat zombie (Ossuary)
105 creatures vanquished.

Notes
Turn   | Place    | Note
--------------------------------------------------------------
     0 | D:1      | urechis the Merfolk Ice Elementalist began the quest for the Orb.
     0 | D:1      | Reached XP level 1. HP: 13/13 MP: 3/3
   313 | D:1      | Reached XP level 2. HP: 19/19 MP: 3/5
   366 | D:1      | Reached skill level 4 in Ice Magic
  1010 | D:1      | Reached XP level 3. HP: 21/24 MP: 4/6
  1925 | D:2      | Reached skill level 5 in Ice Magic
  2230 | D:2      | Reached XP level 4. HP: 28/30 MP: 7/7
  2349 | D:2      | Learned a level 2 spell: Throw Frost
  2613 | D:2      | Reached skill level 1 in Polearms
  2851 | D:3      | Noticed mrath's ghost (average MfGl)
  2920 | D:3      | Reached XP level 5. HP: 19/35 MP: 8/8
  3130 | D:3      | Found a basalt altar of Yredelemnul.
  3478 | D:3      | Found a snail-covered altar of Cheibriados.
  3607 | D:3      | Noticed a centaur
  3618 | D:3      | Killed a centaur
  3618 | D:3      | Reached skill level 5 in Polearms
  3618 | D:3      | Reached XP level 6. HP: 7/41 MP: 4/9
  4033 | D:4      | Reached skill level 6 in Polearms
  4239 | D:4      | Found a sand-covered staircase.
  4251 | Ossuary  | Entered an ossuary
  4434 | Ossuary  | Slain by an elf zombie

Vault maps used:
D:1:      dpeg_arrival_water_temple_mockup
D:2:      first_bread, st_stairs_8, minmay_misc_feat_diagonals
D:3:      lemuel_doored_altar, nicolae_overflow_hidden_temple, solitary_fountain
D:4:      tgw_sif, nemelex_xobeh_ov_fountains_minmay,
          gammafunk_temple_overflow_elements, nicolae_ossuary_entry_monument,
          portal_sewer_entry_f, kennysheep_minor_cross
Ossuary:  ossuary_tomb_1

Action                   |  1- 3 |  4- 6 || total
-------------------------+-------+-------++-------
Melee: Dagger            |    33 |   108 ||   141
       Short sword       |    42 |       ||    42
       Mace              |    17 |       ||    17
       Spear             |       |   138 ||   138
 Cast: Freeze            |    26 |    15 ||    41
       Throw Frost       |       |     2 ||     2
  Use: Scroll            |       |     3 ||     3
       Potion            |       |     1 ||     1
 Stab: Sleeping          |     1 |       ||     1
  Eat: Chunk             |     5 |     6 ||    11
